 Dungeon Crawl Stone Soup version 0.28.0 (webtiles) character file.

Game seed: 666069733565154285

4 blackman the Caller (level 1, 0/7 HPs)
             Began as a Felid Summoner on Feb 7, 2022.
             Slain by a jackal (2 damage)
             ... on level 1 of the Dungeon.
             The game lasted 00:01:40 (364 turns).

blackman the Caller (Felid Summoner)                 Turns: 364, Time: 00:01:41

Health: 0/7        AC:  1    Str:  4    XL:     1   Next: 58%
Magic:  4/4        EV: 17    Int: 16    God:
Gold:   0          SH:  0    Dex: 16    Spells: 3/4 levels left
                                        Lives:  0   Deaths: 0

rFire   . . .      SeeInvis +   (weapon unavailable)
rCold   . . .      Faith    .   (shield unavailable)
rNeg    . . .      Spirit   .   (armour unavailable)
rPois   .          Reflect  .   (helmet unavailable)
rElec   .          Harm     .   (cloak unavailable)
rCorr   .          Rampage  .   (gloves unavailable)
Will    .....                   (boots unavailable)
Stlth   ++........              (no amulet)
HPRegen 0.02/turn               (no ring)
MPRegen 0.09/turn               (no ring)

@: quick
A: very small, claws 1, fangs 3, see invisible, speed 1, shaggy fur 1, stealthy
paws, no weapons or thrown items, no armour, multi-lived
a: no special abilities


You were on level 1 of the Dungeon.
You visited 1 branch of the dungeon, and saw 1 of its levels.


Innate Abilities, Weirdness & Mutations

You have sharp claws.
You have razor-sharp teeth.
You have supernaturally acute eyesight. (SInv)
You cover ground quickly. (Speed+)
You are covered in fur. (AC +1)
Your paws help you pounce on unaware monsters.
You are incapable of wielding weapons or throwing items.
You cannot wear armour.
You gain extra lives every three experience levels.


   Skills:
 - Level 2.6 Dodging
 - Level 2.6 Stealth
 - Level 2.0 Spellcasting
 + Level 4.2 Summonings


You had 3 spell levels left.
You knew the following spells:

 Your Spells              Type           Power      Damage    Failure   Level
a - Summon Small Mammal   Summ           60%        N/A       3%          1

Your spell library contained the following spells:

 Spells                   Type           Power      Damage    Failure   Level
 Call Imp                 Summ           15%        N/A       5%          2
 Call Canine Familiar     Summ           15%        N/A       11%         3
 Summon Guardian Golem    Hex/Summ       8%         N/A       26%         3
 Summon Lightning Spire   Summ/Air       8%         N/A       65%         4

You aren't carrying anything.

Dungeon Overview and Level Annotations

Branches:
Dungeon (1/15)

Altars:

#...)#...b..##.
#....###h......
#....###.##....
#....##..#.....
#.)............
#....####..###.
#....# #..###..
########....#
#.## #.#
#....@hbh...#
#. ..
#.#..########
..# ###'##.#
.## #≈P.≈#.#
#P♣.♣#.#
#♣≈..'.#
♣..♣### #♣..♣
#≈.♣P#


You could see 2 jackals and a friendly bat (summoned).


Message History

You take 2 damage, and now have 2/7 hp.
MASSIVE DAMAGE!! (PAUSE)
You lost 1 mp, and now have 3/4 mp.
You swap places.
The jackal bites your rat. What are your orders? t - Meow!
Orders for allies: a - Attack new target. r - Retreat! s - Stop attacking. g - Guard the area. f - Follow me.
Anything else - Cancel.
Gang up on whom?
Press: ? - help, Dir - move target, f - jackal
Aim: a jackal (ally target) Attack!
Your rat closely misses the jackal.
The jackal barely misses your rat.
Your quokka closely misses the jackal.
The jackal misses your quokka.
A jackal comes into view.
Something barely misses your rat.
Your rat bites the jackal but does no damage.
The jackal bites your rat.
Your rat dies!
Your rat's corpse disappears in a puff of smoke!
Casting: Summon Small Mammal (safe; 3% risk of failure)
Confirm with . or Enter, or press ? or * to list all spells.
The jackal completely misses your bat. 😨 MP[-1]
You lost 1 mp, and now have 2/4 mp.
What are your orders? t - Meow!
Orders for allies: a - Attack new target. p - Attack previous target. r - Retreat! s - Stop attacking. g - Guard the area. f - Follow me.
Anything else - Cancel.
Gang up on whom?
Press: ? - help, Dir - move target, f/p - jackal
Aim: a jackal (black smoke, ally target) Attack!
Your bat barely misses the jackal.
Your bat hits the jackal but does no damage.
The jackal misses your bat.
Your quokka bites the jackal.
Something misses your quokka.
Your bat hits the jackal but does no damage.
Your bat hits the jackal but does no damage.
Something bites your quokka but does no damage.
Your bat hits the jackal but does no damage.
Your bat closely misses the jackal.
The jackal closely misses your bat.
Your bat misses the jackal.
Your quokka barely misses the jackal.
The jackal bites your bat but does no damage.
The jackal bites your quokka but does no damage.
Your bat hits the jackal.
Your bat barely misses the jackal.
Your quokka closely misses the jackal.
Your bat closely misses the jackal.
The jackal bites your bat. The jackal misses your quokka.
Your bat misses the jackal.
Your quokka bites the jackal. 😨 HP[+1] MP[+1]
Your bat barely misses the jackal. x2; The jackal barely misses your bat.
The jackal barely misses your quokka.
Your quokka barely misses the jackal.
The jackal completely misses your bat.
Your bat barely misses the jackal.
The jackal bites your quokka. The jackal closely misses your bat.
Your quokka bites the jackal.
The jackal dies!
Your bat hits the jackal but does no damage.
Your bat barely misses the jackal.
The jackal closely misses your bat.
Your quokka misses the jackal.
Your bat barely misses the jackal.
Your bat barely misses the jackal.
The jackal bites your bat.
Your bat dies!
Your bat's corpse disappears in a puff of smoke!
The jackal bites your quokka but does no damage.
Your quokka closely misses the jackal.
The jackal misses your quokka.
You open the door.
Your quokka bites the jackal.
The jackal barely misses you.
The jackal completely misses your quokka.
Your quokka bites the jackal but does no damage.
The jackal barely misses your quokka.
Your quokka closely misses the jackal.
There is an open door here.
The jackal completely misses you.
There is an open door here.
The jackal completely misses you. 😨 MP[+1]
Your mp is fully restored (4).
The jackal bites you.
* * * LOW HITPOINT WARNING * * *
😨 HP[-1]
You take 1 damage, and now have 2/7 hp.
The jackal misses you.
Casting: Summon Small Mammal (safe; 3% risk of failure)
Confirm with . or Enter, or press ? or * to list all spells.
The jackal closely misses you. 😨 MP[-1]
You lost 1 mp, and now have 3/4 mp.
Your bat closely misses the jackal.
Your bat hits the jackal but does no damage.
Your bat hits the jackal but does no damage.
You see here a +0 short sword {short}.
Your bat misses the jackal. Your bat hits the jackal.
The jackal barely misses you.
Your bat completely misses the jackal.
Your bat completely misses the jackal. 😨 MP[+1]
Your mp is fully restored (4).
Your bat hits the jackal. The jackal closely misses your bat.
The jackal bites you.
You die...

Action                   || total
-------------------------++-------
 Cast: Summon Small Mamm ||    12
Dodge: Dodged            ||     7

Levels and vault maps discovered:
D:1:      tarquinn_simple_flora_water_f, layout_rooms, serial_curves,
          eino_curves_02, eino_curves_01, chequers_mini_garden

Notes
Turn   | Place    | Note
-------+----------+-------------------------------------------
     0 | D:1      | blackman the Felid Summoner began the quest for the Orb.
     0 | D:1      | Reached XP level 1. HP: 7/7 MP: 4/4
     0 | D:1      | magus.rc [v1.9.6]
   364 | D:1      | Slain by a jackal

Vanquished Creatures (collateral kills)
  An endoplasm (D:1)
  A jackal (D:1)
  2 kobolds (D:1)
  A rat (D:1)
5 creatures vanquished.

Table legend:
 A = Non-vault XP
 B = Vault XP
 C = Vault XP percentage of total XP
 D = Non-vault monster count
 E = Vault monster count
 F = Vault count percentage of total count
                 A         B        C        D         E       F
            +---------+---------+-------+---------+---------+-------
      Total |       7 |       0 |   0.0 |       5 |       0 |   0.0
            +---------+---------+-------+---------+---------+-------
        D:1 |       7 |       0 |   0.0 |       5 |       0 |   0.0
            +---------+---------+-------+---------+---------+-------

Illustrated notes

Table legend:
 A = Kills in this place as a percentage of kills in entire the game.
 B = Kills by you in this place as a percentage of kills by you in the entire game.
 C = Kills by friends in this place as a percentage of kills by friends in the entire game.
 D = Other kills in this place as a percentage of other kills in the entire game.
 E = Experience gained in this place as a percentage of experience gained in the entire game.
 F = Experience gained in this place divided by the number of levels of this place that you have seen.
                   A       B       C       D       E      F
               +-------+-------+-------+-------+-------+----------------------
         Total | 100.0 |   N/A | 100.0 |   N/A | 100.0 |   7.0
       Dungeon | 100.0 |   N/A | 100.0 |   N/A | 100.0 |   7.0
               +-------+-------+-------+-------+-------+----------------------

Table legend: (Time is in decaauts)
 A = Elapsed time spent in this place.
 B = Non-inter-level travel time spent in this place.
 C = Inter-level travel time spent in this place.
 D = Time resting spent in this place.
 E = Time spent auto-exploring this place.
 F = Levels seen in this place.
 G = Mean time per level.
                   A        B        C        D        E       F      G
               +--------+--------+--------+--------+--------+-----+--------+
         Total |    333 |    333 |      0 |    111 |    118 |   1 |  333.0 |
       Dungeon |    333 |    333 |      0 |    111 |    118 |   1 |  333.0 |
               +--------+--------+--------+--------+--------+-----+--------+

Top non-repeatable levels by time:
     D:1: 333 daAuts
